AoeStats
← Xiaofan

Arena

510546191Analyzed
1v1 RM · 2d ago on Oct 1, 2026· 117m 50s· 2 players
Game mode
Random Map
Map size
Tiny (2 player)
Population
200
Speed
Normal
Resources
Standard
Victory
Conquest
Starting age
Dark Age
Ending age
Imperial Age
RankedLock teamsTeams togetherTeam positionsShared explorationLock speedFull tech treeHidden civsTurbo modeCheats
Victory
Defeat
🇨🇳 Portuguese · China
988
+13
🇳🇱 Teutons · Netherlands
929
-13
Xiaofan
5:23 Loom
11:14 Feudal Age
15:06 Castle Age
13:54 Double-Bit Axe
21:09 Wheelbarrow
20:37 Horse Collar
21:44 Bow Saw
22:11 Gold Mining
23:30 Stone Mining
27:18 Imperial Age
25:42 Hand Cart
25:44 Heavy Plow
25:48 Fletching
26:00 Padded Archer Armor
27:17 Ballistics
26:55 Bodkin Arrow
27:22 Leather Archer Armor
29:18 Two-Man Saw
29:51 Stone Shaft Mining
30:37 Chemistry
30:26 Bracer
30:24 Crossbowman
31:29 Conscription
31:36 Arbalester
33:32 Ring Archer Armor
33:17 Thumb Ring
33:37 Town Watch
34:16 Circumnavigation
38:51 Town Patrol
47:33 Siege Engineers
47:17 Treadmill Crane
47:52 Masonry
60:49 Scale Barding Armor
60:55 Forging
61:39 Husbandry
62:06 Bloodlines
62:53 Chain Barding Armor
63:09 Iron Casting
62:32 Light Cavalry
64:40 Plate Barding Armor
67:22 Blast Furnace
67:31 Cavalier
83:14 Guard Tower
83:48 Bombard Tower
Levicheater
10:06 Feudal Age
10:39 Double-Bit Axe
16:35 Castle Age
14:59 Horse Collar
16:13 Forging
17:02 Pikeman
18:08 Bow Saw
23:03 Town Watch
23:04 Loom
25:36 Heavy Plow
30:21 Imperial Age
29:08 Fortified Wall
29:19 Ballistics
29:50 Wheelbarrow
29:01 Loom
29:16 Town Patrol
29:21 Fletching
30:10 Bodkin Arrow
30:42 Padded Archer Armor
32:04 Chemistry
31:27 Conscription
31:56 Leather Archer Armor
32:53 Two-Man Saw
31:55 Stone Mining
31:57 Gold Mining
32:26 Block Printing
31:42 Cavalier
32:50 Hand Cart
32:55 Siege Engineers
34:01 Bloodlines
34:23 Crop Rotation
34:33 Iron Casting
34:28 Ring Archer Armor
35:43 Crenellations
34:51 Elite Skirmisher
43:52 Blast Furnace
42:52 Scale Mail Armor
42:59 Scale Barding Armor
44:39 Hand Cart
47:51 Chain Mail Armor
65:35 Halberdier
66:17 Squires
66:41 Ironclad
68:01 Chain Barding Armor
68:12 Plate Mail Armor
Connection lost

Rejoining the realm…

Still unreachable

The connection could not be restored.

Session expired

The server has moved on; the page needs a fresh start.